 Dungeon Crawl Stone Soup version 0.27-a0-414-gbb19ded6d3 (webtiles) character file.

Game seed: 95972611907010146

1208 Fenrir042 the Conjurer (level 8, -7/52 HPs)
             Began as a Demonspawn Conjurer on Feb 24, 2021.
             Was an Initiate of Vehumet.
             Killed by divine providence
             ... invoked by an orc priest
              (12 damage)
             ... on level 5 of the Dungeon.
             The game lasted 00:19:40 (6395 turns).

Fenrir042 the Conjurer (Demonspawn Conjurer)        Turns: 6395, Time: 00:19:40

Health: -7/52      AC:  3    Str:  7    XL:     8   Next: 21%
Magic:  8/16       EV: 15    Int: 22    God:    Vehumet [......]
Gold:   258        SH:  0    Dex: 18    Spells: 11/18 levels left

rFire    . . .     SeeInvis .   y - +5 scimitar (flame)
rCold    . . .     Faith    .   (no shield)
rNeg     + . .     Spirit   .   a - +0 robe
rPois    .         Reflect  .   (helmet restricted)
rElec    .         Harm     .   e - +0 cloak
rCorr    .         Rampage  .   (no gloves)
Will     .....                  (no boots)
Stlth    ++........             (no amulet)
HPRegen  0.17/turn              p - ring of positive energy
MPRegen  0.30/turn              x - +6 ring of dexterity

@: no status effects
A: antennae 2, foul stench 1, magic regeneration
a: Renounce Religion


You were on level 5 of the Dungeon.
You worshipped Vehumet.
Vehumet was noncommittal.
You visited 1 branch of the dungeon, and saw 5 of its levels.
You also visited: Sewer.

You collected 258 gold pieces.

Inventory:

Hand Weapons
 f - a +0 hand axe
 l - a +2 halberd
 m - a +5 great sword
 n - a +5 flail
 o - a +3 halberd of freezing
 y - a +5 scimitar of flaming (weapon)
Armour
 a - a +0 robe (worn)
 e - a +0 cloak (worn)
Jewellery
 p - a ring of positive energy (left hand)
 t - a +4 ring of slaying
 x - a +6 ring of dexterity (right hand)
Wands
 A - a wand of acid (9)
Scrolls
 c - 3 scrolls of identify {unknown}
 d - a scroll of enchant weapon {unknown}
 h - a scroll of immolation {unknown}
 i - 2 scrolls of enchant armour {unknown}
 j - a scroll of teleportation {unknown}
 s - 4 scrolls of magic mapping {unknown}
 v - a scroll of noise {unknown}
 z - a scroll of fear {unknown}
Potions
 b - 4 potions of heal wounds
 g - a potion of magic {unknown}
 k - a potion of mutation {unknown}
 q - a potion of resistance {unknown}
 r - 3 potions of flight {unknown}
 u - 3 potions of curing
 w - a potion of attraction {unknown}


   Skills:
 + Level 4.2 Dodging
 - Level 1.7 Stealth
 * Level 5.7 Spellcasting
 * Level 7.2 Conjurations
 - Level 2.2 Translocations


You had 11 spell levels left.
You knew the following spells:

 Your Spells              Type           Power        Failure   Level
a - Magic Dart            Conj           100%         1%          1
b - Searing Ray           Conj           76%          1%          2
c - Iskenderun's Mystic   Conj/Tloc      27%          13%         4

Your spell library contained the following spells:

 Spells                   Type           Power        Failure   Level
 Dazzling Flash           Conj/Hex       44%          6%          3
 Gell's Gravitas          Tloc           8%           11%         3
 Fulminant Prism          Conj/Hex       11%          22%         4
 Confusing Touch          Hex            6%           28%         3
 Petrify                  Tmut/Erth      6%           67%         4
 Metabolic Englaciation   Hex/Ice        3%           95%         5
 Yara's Violent Unravell  Hex/Tmut       3%           95%         5


Dungeon Overview and Level Annotations

Branches:
Dungeon (5/15)              Sewer (visited)
 Temple: D:4-7

Altars:
Ashenzari
Cheibriados
Hepliaklqana
Qazlal
Ru
Vehumet

Shops:
D:4 (

Annotations:
D:5 1 transporter


Innate Abilities, Weirdness & Mutations

You have a pair of antennae on your head.
You may rarely emit foul miasma when damaged in melee.
You regenerate magic rapidly.


Message History

Aiming: Magic Dart (safe; 1% risk of failure)
Press: ? - help, Shift-Dir - straight line, f - ufetubus
Aim: an ufetubus (summoned, 0% to evade)
Okay, then.
Casting: Magic Dart (safe; 1% risk of failure)
Confirm with . or Enter, or press ? or * to list all spells.
Aiming: Searing Ray (safe; 1% risk of failure)
Press: ? - help, Shift-Dir - straight line, f - kobold demonologist
Aim: a kobold demonologist, wielding a +0 dagger and wearing a +0 robe (27% to evade)
The searing ray hits the white imp!
You kill the white imp!
The searing ray hits the kobold demonologist!
The kobold demonologist is lightly wounded. (Press . to maintain the ray.)
The kobold demonologist gestures wildly while chanting.
The shadow imp gestures at you.
You struggle to resist.
The searing ray hits the kobold demonologist!
The kobold demonologist is heavily wounded.
The ufetubus hits you. The ufetubus misses you.
The orc priest invokes the aid of Beogh against you.
Pain shoots through your body!
The red devil hits you from afar with a +2 demon trident of pain!!
Unknown command.
The searing ray hits the kobold demonologist.
The kobold demonologist is heavily wounded.
The ufetubus barely misses you.
You riposte.
You barely miss the ufetubus. The ufetubus closely misses you.
The ufetubus hits you. The ufetubus misses you.
The searing ray hits the kobold demonologist!
The kobold demonologist is almost dead.
You finish channeling your searing ray.
The ufetubus misses you. x2
The red devil hits you from afar with a +2 demon trident of pain!
* * * LOW HITPOINT WARNING * * *
The shadow imp gestures at you. Pain shoots through your body!
* * * LOW HITPOINT WARNING * * *
The orc priest calls down the wrath of Beogh upon you.
Beogh smites you!
You die...

##........... #...##
##......### .#######.#...
###....#########.).......#...
####.#.................#...
#.#.###############.#...
#.#.#8P#55[....#≈8#.#...
#.#.#P.#≈≈≈≈≈≈≈#.P#.#...
#...#..#..≈P≈..#.$#...##
#..©#©.@5.P♣P..+$©#©..#
##..#..#.4P≈≈..#.$#..##
##.#P.#≈≈≈≈≈≈≈#.P#.## #
#.#8P#K5o....#P8#.# #
#.###############.# #
#....[...$........#
################### #


You could see a kobold demonologist, a red devil (summoned), an orc priest, 3
shadow imps and an ufetubus (summoned).

Vanquished Creatures
  An orc warrior (D:5)
  An ice beast (D:5)
  A sky beast (D:5)
  An ogre (D:5)
  A kobold brigand (Sewer)
  Blork the orc (D:5)
  2 scorpions (D:5)
  4 wights (D:3)
  2 orc priests
  A hound (D:4)
  2 orc wizards
  2 worker ants
  A statue (D:5)
  A hound skeleton (D:5)
  7 gnolls
  A river rat (Sewer)
  3 adders
  2 oozes (D:3)
  An adder skeleton (D:5)
  2 adder zombies
  A worm (D:5)
  2 dart slugs (D:2)
  6 leopard geckos
  13 orcs
  5 bats
  3 giant cockroaches
  7 goblins
  5 hobgoblins
  13 jackals
  5 kobolds
  5 frilled lizards
  9 rats
111 creatures vanquished.

Notes
Turn   | Place    | Note
-------+----------+-------------------------------------------
     0 | D:1      | Fenrir042 the Demonspawn Conjurer began the quest for the
                  | Orb.
     0 | D:1      | Reached XP level 1. HP: 13/13 MP: 3/3
   418 | D:1      | Gained mutation: You have a pair of small antennae on your
                  | head. [demonic ancestry]
   418 | D:1      | Reached XP level 2. HP: 19/19 MP: 1/5
   855 | D:1      | Learned a level 2 spell: Searing Ray
  1560 | D:2      | Reached XP level 3. HP: 24/24 MP: 1/6
  1988 | D:2      | Reached XP level 4. HP: 24/30 MP: 1/8
  3084 | D:3      | Learned a level 4 spell: Iskenderun's Mystic Blast
  3209 | D:3      | Reached skill level 5 in Conjurations
  3226 | D:3      | Reached XP level 5. HP: 34/35 MP: 0/10
  3342 | D:3      | Found a hazy altar of Hepliaklqana.
  3784 | D:3      | Reached skill level 1 in Translocations
  4032 | D:3      | Gained mutation: You regenerate magic rapidly. [demonic
                  | ancestry]
  4032 | D:3      | Reached XP level 6. HP: 41/41 MP: 4/11
  4256 | D:4      | Found Luocewk's Antique Weapon Boutique.
  4515 | D:4      | Found a sacrificial altar of Ru.
  4539 | D:4      | Found a snail-covered altar of Cheibriados.
  4917 | D:5      | Entered Level 5 of the Dungeon
  5100 | D:5      | Found a stormy altar of Qazlal.
  5107 | D:5      | Noticed a sky beast
  5111 | D:5      | Killed a sky beast
  5112 | D:5      | Reached skill level 6 in Conjurations
  5112 | D:5      | Gained mutation: You have a pair of antennae on your head.
                  | [demonic ancestry]
  5112 | D:5      | Reached XP level 7. HP: 46/46 MP: 8/13
  5421 | D:5      | Found a transporter.
  5574 | D:5      | Reached skill level 5 in Spellcasting
  5613 | D:5      | Found a broken altar of Ashenzari.
  5630 | D:5      | Found a glowing drain.
  5634 | D:5      | Noticed Blork the orc
  5648 | Sewer    | Entered a sewer
  5993 | Sewer    | Found a white marble altar of Elyvilon.
  6046 | D:5      | Killed Blork the orc
  6116 | D:5      | Found a radiant altar of Vehumet.
  6131 | D:5      | Gained mutation: You may rarely emit foul miasma when
                  | damaged in melee. [demonic ancestry]
  6131 | D:5      | Reached XP level 8. HP: 51/52 MP: 4/16
  6137 | D:5      | Became a worshipper of Vehumet
  6309 | D:5      | Reached skill level 7 in Conjurations
  6375 | D:5      | Found a transporter.
  6376 | D:5      | Noticed a kobold demonologist
  6393 | D:5      | Noticed a red devil
  6395 | D:5      | Killed from afar by an orc priest

Illustrated notes

Levels and vault maps discovered:
D:1:      nicolae_arrival_washed_ashore, layout_basic, minmay_stone_trees_large
D:2:      layout_basic
D:3:      layout_rooms, overflow_temple_1_default, grunt_ministairs_11
D:4:      layout_basic, cheibriados_altar_1, serial_shops, shop,
          corexii_hall_statues_l, nicolae_ru_awakened_eye
D:5:      gammafunk_wand_slinger, layout_basic, lemuel_doored_altar,
          ashenzari_altar_1, vehumet_statue, serial_curves, eino_curves_03,
          eino_curves_02, eino_curves_01, eino_curves_03,
          cheibrodos_sewer_entry_bend, uniq_blork_the_orc

Skill      XL: |  1  2  3  4  5  6  7  8 |
---------------+-------------------------+-----
Dodging        | 2 3 4 |  4.2
Spellcasting   | 3 4 5 |  5.7
Conjurations   | 5 6 7 |  7.2
Translocations | 1 2 |  2.2
Stealth        | |  1.7

Action                   |  1- 3 |  4- 6 |  7- 9 || total
-------------------------+-------+-------+-------++-------
Melee: Unarmed           |    16 |       |       ||    16
       Hand axe          |       |    10 |       ||    10
       Flail             |       |     6 |       ||     6
       Scimitar          |       |       |     2 ||     2
 Cast: Magic Dart        |    52 |    81 |    52 ||   185
       Searing Ray       |     2 |    15 |    16 ||    33
  Use: Potion            |       |       |     1 ||     1
Armor: Robe              |       |     8 |     1 ||     9
Dodge: Dodged            |    18 |    41 |    20 ||    79
       Rpst.: Scimitar   |       |       |     2 ||     2

Table legend: (Time is in decaauts)
 A = Elapsed time spent in this place.
 B = Non-inter-level travel time spent in this place.
 C = Inter-level travel time spent in this place.
 D = Time resting spent in this place.
 E = Time spent auto-exploring this place.
 F = Levels seen in this place.
 G = Mean time per level.
                   A        B        C        D        E       F      G
               +--------+--------+--------+--------+--------+-----+--------+
         Total |   6444 |   6346 |     98 |    697 |   4926 |   6 | 1074.0 |
       Dungeon |   6012 |   5914 |     98 |    486 |   4763 |   5 | 1202.4 |
         Sewer |    431 |    431 |      0 |    211 |    163 |   1 |  431.0 |
               +--------+--------+--------+--------+--------+-----+--------+

Top non-repeatable levels by time:
     D:2: 1471 daAuts
     D:1: 1425 daAuts
     D:3: 1359 daAuts
     D:5: 1075 daAuts
     D:4: 681 daAuts
   Sewer: 431 daAuts
